 Dungeon Crawl Stone Soup version 0.29-a0-284-gf9362112df (webtiles) character file.

Game seed: 6351679545334214186

4 sindri829 the Covered (level 1, 0/20 HPs)
             Began as a Minotaur Fighter on Mar 30, 2022.
             Slain by a gnoll
             ... wielding a +0 club
              (3 damage)
             ... on level 2 of the Dungeon.
             The game lasted 00:03:21 (103 turns).

sindri829 the Covered (Minotaur Fighter)             Turns: 103, Time: 00:03:22

Health: 0/20       AC:  7    Str: 20    XL:     1   Next: 50%
Magic:  0/0        EV:  9    Int:  5    God:
Gold:   8          SH:  4    Dex:  9    Spells: 0/0 levels left

rFire   . . .      SeeInvis .   a - +0 war axe
rCold   . . .      Faith    .   c - +0 buckler
rNeg    . . .      Spirit   .   b - +0 scale mail
rPois   .          Reflect  .   (helmet restricted)
rElec   .          Harm     .   (no cloak)
rCorr   .          Rampage  .   (no gloves)
Will    .....                   (no boots)
Stlth   ..........              (no amulet)
HPRegen 0.06/turn               (no ring)
MPRegen 0.07/turn               (no ring)

@: no status effects
A: horns 2, retaliatory headbutt
a: no special abilities


You were on level 2 of the Dungeon.
You visited 1 branch of the dungeon, and saw 2 of its levels.

You collected 8 gold pieces.

Inventory:

Hand Weapons
 a - a +0 war axe (weapon)
Armour
 b - a +0 scale mail (worn)
 c - a +0 buckler (worn)
Potions
 d - 2 potions of might
 e - a potion of heal wounds {unknown}
 f - a potion of curing {unknown}


   Skills:
 * Level 3.7 Fighting
 * Level 2.4 Axes
 * Level 3.8 Armour
 + Level 3.6 Shields


You couldn't memorise any spells.
You didn't know any spells.
Your spell library was empty.

Dungeon Overview and Level Annotations

Branches:
Dungeon (2/15)

Altars:


Innate Abilities, Weirdness & Mutations

You have a pair of horns on your head.
You reflexively headbutt those who attack you in melee.


Message History

A gnoll comes into view.
It is wielding a +0 flail. 2 gnolls come into view.
The gnoll shouts! x2
A bat comes into view.
A gnoll and a bat come into view.
The gnoll shouts!
The bat hits you but does no damage. x3
You closely miss the bat. Your headbutt misses the bat.
You closely miss the bat. The bat barely misses you. x2
You furiously retaliate!
You headbutt the bat. The bat hits you but does no damage. The bat hits you.
The bat hits you but does no damage.
A giant cockroach comes into view.
The bat barely misses you. The gnoll barely misses you.
You barely miss the bat.
The bat is severely wounded.
You barely miss the gnoll. You block the bat's attack.
The bat hits you but does no damage. You block the gnoll's attack.
The gnoll closely misses you.
You barely miss the gnoll. x2; The bat closely misses you.
You block the bat's attack. The gnoll hits you but does no damage.
The gnoll hits you with a +0 flail. The gnoll barely misses you.
You barely miss the gnoll. You hit the gnoll. You closely miss the bat.
You block the bat's attack. The bat hits you but does no damage.
The gnoll hits you but does no damage. You block the gnoll's attack.
The gnoll hits you with a +0 flail.
The gnoll hits you from afar with a +0 spear.
* * * LOW HITPOINT WARNING * * *
The gnoll hits you but does no damage. The gnoll misses you.
You hit the gnoll.
The gnoll is lightly wounded.
You closely miss the bat. You slash the bat!
You kill the bat!
You hit the gnoll but do no damage. You hit the gnoll. The bat hits you.
* * * LOW HITPOINT WARNING * * *
You block the bat's attack. The gnoll hits you but does no damage.
The gnoll barely misses you. The gnoll hits you with a +0 flail.
* * * LOW HITPOINT WARNING * * *
The gnoll hits you with a +0 club.
You die...

##......# ... #.......#
.... .......## ###....
### ....... .......
...##.... ###<......
##.#....###†gg......
##........##@#.......
#..........bgg.......
............#........ ..
.#..........#........
... #...................
#..##.........##........
#............###.......
.####.........# .......
#.......).)....# .......


You could see 4 gnolls and a bat.

Vanquished Creatures
  2 goblins (D:2)
  A ball python (D:2)
  2 bats (D:2)
5 creatures vanquished.

Notes
Turn   | Place    | Note
-------+----------+-------------------------------------------
     0 | D:1      | sindri829 the Minotaur Fighter began the quest for the Orb.
     0 | D:1      | Reached XP level 1. HP: 19/19 MP: 0/0
    69 | D:1      | You fall into a shaft and drop 1 floor!
   103 | D:2      | Slain by a gnoll

Illustrated notes

Levels and vault maps discovered:
D:1:      saegor_arrival_under_anarchy, layout_loops_corners
D:2:      layout_rooms, ebering_ecumenical_altar_webs,
          chequers_serial_rivers_room_a, minmay_pentomino_v4

Action                   || total
-------------------------++-------
Melee: War axe           ||     9
       Headbutt          ||     1
Armor: Scale mail        ||    13
Dodge: Dodged            ||    11
Block: Buckler           ||     6

Table legend: (Time is in decaauts)
 A = Elapsed time spent in this place.
 B = Non-inter-level travel time spent in this place.
 C = Inter-level travel time spent in this place.
 D = Time resting spent in this place.
 E = Time spent auto-exploring this place.
 F = Levels seen in this place.
 G = Mean time per level.
                   A        B        C        D        E       F      G
               +--------+--------+--------+--------+--------+-----+--------+
         Total |    106 |    106 |      0 |      0 |     35 |   2 |   53.0 |
       Dungeon |    106 |    106 |      0 |      0 |     35 |   2 |   53.0 |
               +--------+--------+--------+--------+--------+-----+--------+

Top non-repeatable levels by time:
     D:1: 69 daAuts
     D:2: 37 daAuts
